Unix NetHack Version 3.7.0-97 Work-in-progress - last build Feb 8 2024 15:05:57 (6d6cdf8371b60126770a3d7b88910941cb14a054,branch:master). Game began 2024-02-18 09:53:40, ended 2024-02-18 10:04:20. elenmirie, neutral female gnomish Archeologist ----+- |.....# |....|## |....| ## -------- |....| ##|{.....| |....| #|..<^... --|--- #.......| % -------- ## B -- ----|--- --@-- |.........| # # |...| |..........############################....| |.........| ## # |..(| |.........| ## ----- ----------- Elenmirie the Field Worker St:12 Dx:13 Co:10 In:15 Wi:16 Ch:10 Neutral Dlvl:4 $:1086 HP:0(27) Pw:25(25) AC:7 Xp:4/87 T:1375 Latest messages: You kill the newt! You are in full health. You see here a giant bat corpse. What do you want to eat? [du or ?*] ? Blecch! Rotten food! You finish eating the food ration. You miss the giant rat. The giant rat bites! You lash the giant rat. The giant rat bites! You lash the giant rat. The giant rat bites! You find a hidden passage. You lash the giant rat. The giant rat bites! You kill the giant rat! You lash the shrieker. You miss the shrieker. You lash the shrieker. You miss the shrieker. You lash the shrieker. You lash the shrieker. You kill the shrieker! Welcome to experience level 4. You see here a shrieker corpse. There is a shrieker corpse here; eat it? [ynq] (n) y This shrieker corpse tastes okay. You finish eating the shrieker corpse. You feel healthy. You see here a chest. Hmmm, the chest turns out to be locked. The door resists! The door opens. The giant bat bites! You miss the giant bat. The giant bat bites! The giant bat bites! You miss the giant bat. The giant bat bites! The giant bat bites! Are you sure you want to pray? [yn] (n) y You begin praying to Camaxtli. The giant bat bites! The giant bat bites! You die... Do you want your possessions identified? [ynq] (y) y Do you want to see your attributes? [ynq] (y) y Do you want an account of creatures vanquished? [ynaq] (y) y Do you want to see your conduct and achievements? [ynq] (y) y Do you want to see the dungeon overview? [ynq] (y) y Inventory: Coins $ - 1086 gold pieces Weapons p - 4 uncursed +0 darts a - an uncursed burnt +2 bullwhip (weapon in right hand) Armor z - an uncursed +0 elven leather helm (being worn) c - an uncursed +0 fedora A - an uncursed +0 leather cloak (being worn) b - an uncursed +0 leather jacket (being worn) Comestibles d - 4 uncursed food rations u - an uncursed tripe ration Wands j - an uncursed wand of make invisible (0:6) Tools w - an uncursed bag of holding containing 6 items y - an empty uncursed sack i - an uncursed oil lamp t - an uncursed tinning kit (0:34) Gems/Stones B - an uncursed luckstone g - an uncursed touchstone Contents of the bag of holding: a blessed scroll of charging a cursed scroll of destroy armor an uncursed scroll of identify an uncursed potion of enlightenment an uncursed potion of extra healing an uncursed +0 pick-axe Elenmirie the Archeologist's attributes: Background: You were a Field Worker, a level 4 female gnomish Archeologist. You were neutral, on a mission for Camaxtli who was opposed by Quetzalcoatl (lawful) and Huhetotl (chaotic). You were right-handed. You were in the Dungeons of Doom, on level 4. You entered the dungeon 1375 turns ago. You had 87 experience points, 73 more were needed to attain level 5. Basics: You had 0 out of 27 hit points. You had all 25 energy points (spell power). Your armor class was 7. Your wallet contained 1086 zorkmids. Autopickup was on for '$' plus thrown. Final Characteristics: Your strength was 12 (limit:18/50). Your dexterity was 13 (limit:18). Your constitution was 10 (limit:18). Your intelligence was 15 (limit:19). Your wisdom was 16 (limit:18). Your charisma was 10 (limit:18). Final Status: You weren't hungry. You were unencumbered. You were wielding a whip. You had basic skill with whip. Final Attributes: You were devoutly aligned. You were poison resistant. You were telepathic. You had automatic searching. You had infravision. You were warded. You were lucky. You had extra luck. Bad luck did not time out for you. Good luck did not time out for you. You are dead. Miscellaneous: You never encountered a bones level. Total elapsed playing time was 10 minutes and 37 seconds. Major events: Turn 1: elenmirie the neutral female gnomish Archeologist entered the dungeon 612: attained the rank of Field Worker (level 3) 1375: killed by a giant bat, while praying Vanquished creatures: 2 shriekers a floating eye a giant bat an iguana a hobbit 3 giant rats 2 cave spiders a gecko 2 jackals 2 kobolds 4 goblins a sewer rat 4 grid bugs 2 lichens 4 newts 31 creatures vanquished. No species were genocided or became extinct. Voluntary challenges: You were illiterate. You never engraved Elbereth. You never genocided any monsters. You never polymorphed an object. You never changed form. You used no wishes. Achievements: You attained the rank of Field Worker. You entered a shop. The Dungeons of Doom: levels 1 to 4 Level 1: Many fountains. Level 2: Level 3: Level 4: <- You were here. A fountain. Final resting place for you, killed by a giant bat, while praying. Game over: ---------- / \ / REST \ / IN \ / PEACE \ / \ | elenmirie | | 1086 Au | | killed by a | | giant bat | | | | | | 2024 | *| * * * | * _________)/\\_//(\/(/\)/\//\/|_)_______ Goodbye elenmirie the Archeologist... You died in The Dungeons of Doom on dungeon level 4 with 1486 points, and 1086 pieces of gold, after 1375 moves. You were level 4 with a maximum of 27 hit points when you died.